 Dungeon Crawl Stone Soup version 0.30.1-11-g7821555f0a (webtiles) character file.

Game seed: 12277558085434508953

209 Dvallin the Ruffian (level 5, -5/47 HPs)
             Began as a Ghoul Monk on Nov 15, 2023.
             Was a Believer of Wu Jian.
             Slain by Pikel
             ... wielding a +1 whip of electrocution
              (16 damage)
             ... on level 4 of the Dungeon.
             The game lasted 00:06:02 (2232 turns).

Dvallin the Ruffian (Ghoul Monk)                    Turns: 2232, Time: 00:06:03

Health: -5/47      AC:  9    Str: 17    XL:     5   Next: 87%
Magic:  4/4        EV: 13    Int:  5    God:    Wu Jian [**....]
Gold:   156        SH:  0    Dex: 11    Spells: 4/4 levels left

rFire   . .          .
                       - Unarmed
rCold   + + .        c - orb {light}
rNeg    + + +        s - +0 chain mail {rC+}
rPois   ∞            (no helmet)
rElec   .            (no cloak)
rCorr   .            h - +0 pair of gloves
SInv    .            (no boots)
Will    +....        (no amulet) Stlth
                     r - +5 ring of evasion
HPRegen 0.00/turn    t - ring of willpower
MPRegen 0.09/turn

%: no passive effects
@: confused, ambrosia-drunk, inhibited regen, glowing
A: claws 1, cold resistance 1, negative energy resistance 3, inhibited
regeneration, torment resistance 2, devour on kill
a: Renounce Religion, Wall Jump


You were on level 4 of the Dungeon.
You worshipped Wu Jian.
Wu Jian was pleased with you.
You visited 1 branch of the dungeon, and saw 4 of its levels.

You collected 156 gold pieces.

Inventory:

Armour
 a - a +0 robe
 c - an orb of light (worn)
 d - a +0 plate armour
 h - a +0 pair of gloves (worn)
 q - a +0 scale mail of willpower
 s - a +0 chain mail of cold resistance (worn)
Jewellery
 r - a +5 ring of evasion (left hand)
 t - a ring of willpower (right hand)
Scrolls
 g - 3 scrolls of teleportation {unknown}
 j - 2 scrolls of enchant armour {unknown}
 k - 2 scrolls of fog {unknown}
 m - 3 scrolls of identify {unknown}
 n - 2 scrolls of vulnerability {unknown}
 o - a scroll of immolation {unknown}
 p - 4 scrolls of summoning {unknown}
Potions
 e - 3 potions of curing {unknown}
 f - a potion of cancellation {unknown}
 i - a potion of berserk rage {unknown}
 l - a potion of haste {unknown}


   Skills:
 + Level 4.5 Fighting
 + Level 2.2 Armour
 - Level 3.0 Dodging
 * Level 5.1 Unarmed Combat


You had 4 spell levels left.
You didn't know any spells.
Your spell library was empty.

Dungeon Overview and Level Annotations

Branches:
Dungeon (4/15)
 Temple: D:4-7

Altars:
Kikubaaqudgha
Trog
Wu Jian
Xom
Yredelemnul

Shops:
D:3 !

Annotations:
D:4 Pikel


Innate Abilities, Weirdness & Mutations

You are immune to poison.
You have sharp fingernails.
Your flesh is cold resistant. (rC+)
You are immune to negative energy. (rN+++)
You do not regenerate when monsters are visible.
You are immune to unholy pain and torment.
You thrive by killing the living.


Message History

Pikel misses you. The adder bites you but does no damage.
You hit Pikel.
Pikel is moderately wounded.
Pikel closely misses you. The adder bites you but does no damage.
You hit Pikel.
Pikel is moderately wounded.
The adder barely misses you.
Pikel hits you with a +1 whip of electrocution.
You hit the adder.
The adder is lightly wounded.
The adder bites you but does no damage. Pikel misses you.
The adder barely misses you.
You hit the adder.
The adder is heavily wounded.
Pikel misses you. The adder bites you but does no damage.
You punch the adder!
You kill the adder!
The Council accepts your kill.
Pikel hits you with a +1 whip of electrocution!
You see here an adder corpse.
You hit Pikel.
Pikel is moderately wounded.
Pikel hits you with a +1 whip of electrocution!
* * * LOW HITPOINT WARNING * * *
You closely miss Pikel.
Pikel is moderately wounded.
Pikel barely misses you.
You hit Pikel.
Pikel is moderately wounded.
Pikel misses you.
You hit Pikel but do no damage.
Pikel is moderately wounded.
You are confused.
You feel invigorated.
Pikel hits you with a +1 whip of electrocution.
* * * LOW HITPOINT WARNING * * *
You hit Pikel.
Pikel is heavily wounded.
Pikel hits you but does no damage.
You are electrocuted!
You die...

### #########...###.# #.
#######....# #....)..#######
##
......'....+.........).......
#######....####.#############
..................
.#####..#######.######.
.......................
.....####.#####.######..#
+###. #.## #.@K55..... . .
#..# ########..## . . ##.# 5.
. #.#### .#
#.5..#######.###..
####..##.......5..
##.##.###.##### #.5#.##..#
#.......#


You could see Pikel and 2 lemures.

Vanquished Creatures
  2 lemures (D:4)
  2 orc wizards (D:4)
  Terence (D:2)
  4 adders
  3 gnolls (D:4)
  A worm (D:3)
  3 orcs (D:4)
  5 endoplasms
  10 giant cockroaches
  3 goblins
  5 hobgoblins
  10 jackals
  2 quokkas (D:1)
  4 ball pythons
  2 bats
  2 frilled lizards
  5 kobolds
  2 rats (D:1)
66 creatures vanquished.

Notes
Turn   | Place    | Note
-------+----------+-------------------------------------------
     0 | D:1      | Dvallin the Ghoul Monk began the quest for the Orb.
     0 | D:1      | Reached XP level 1. HP: 19/19 MP: 0/0
   148 | D:1      | Reached XP level 2. HP: 26/26 MP: 1/1
   381 | D:1      | Reached skill level 1 in Armour
   381 | D:1      | Reached XP level 3. HP: 31/31 MP: 2/2
   859 | D:2      | Found a faded altar of an unknown god.
  1056 | D:2      | Noticed Terence
  1070 | D:2      | Killed Terence
  1071 | D:2      | Reached skill level 4 in Unarmed Combat
  1071 | D:2      | Reached XP level 4. HP: 38/40 MP: 3/3
  1243 | D:3      | Found a basalt altar of Yredelemnul.
  1243 | D:3      | Found a shimmering altar of Xom.
  1337 | D:3      | Found a bloodstained altar of Trog.
  1341 | D:3      | Found an ancient bone altar of Kikubaaqudgha.
  1345 | D:3      | Found an ornate altar of the Wu Jian Council.
  1380 | D:3      | Became a worshipper of the Wu Jian Council
  1380 | D:3      | Reached * piety under Wu Jian
  1380 | D:3      | Reached ** piety under Wu Jian
  1605 | D:3      | Found Ujifum's Distillery.
  1794 | D:4      | Reached XP level 5. HP: 16/46 MP: 4/4
  2049 | D:4      | Reached skill level 5 in Unarmed Combat
  2165 | D:4      | Noticed a lemure
  2165 | D:4      | Noticed a lemure
  2191 | D:4      | Killed a lemure
  2197 | D:4      | Killed a lemure
  2205 | D:4      | Noticed Pikel
  2206 | D:4      | Noticed a lemure
  2206 | D:4      | Noticed a lemure
  2232 | D:4      | Slain by Pikel

Illustrated notes

Levels and vault maps discovered:
D:1:      minmay_arrival_open_corners, layout_loops_ring,
          minmay_worlds_worst_comb
D:2:      layout_rooms, basic_ecumenical_altar, uniq_terence
D:3:      layout_basic, chequers_temple_overflow_statue_of_worship,
          minmay_overflow_temple_star_quad, serial_shops, shop,
          lightli_corner_chamber
D:4:      layout_basic, tso_altar, uniq_pikel, uniq_blork_the_orc

Skill      XL: |  1  2  3  4  5 |
---------------+----------------+-----
Dodging        | 3 |  3.0
Armour         | 1 2 |  2.2
Fighting       | 4 |  4.5
Unarmed Combat | 4 5 |  5.1

Action                     |  1- 3 |  4- 6 || total
---------------------------+-------+-------++-------
  Melee: Unarmed           |   108 |   134 ||   242
Ability: Lunge             |       |    10 ||    10
         Whirlwind         |       |     1 ||     1
    Use: Potion            |       |     1 ||     1
 Armour: Plate armour      |    81 |     5 ||    86
         Chain mail        |       |    30 ||    30
         Scale mail        |       |     1 ||     1
  Dodge: Dodged            |    29 |    52 ||    81
